 Dungeon Crawl Stone Soup version 0.29.0-5-ge4962eb29e (console) character file.

Game seed: 15722841551617650963

83236 odiv the Necromancer (level 14, -26/115 HPs)
             Began as a Demonspawn Wanderer on Aug 28, 2022.
             Was the Champion of Jiyva.
             Annihilated by Urug
             ... wielding a +2 eveningstar of protection
              (33 damage)
             ... while paralysed by an orc sorcerer
             ... on level 2 of the Orcish Mines on Aug 29, 2022.
             The game lasted 02:13:07 (20600 turns).

odiv the Necromancer (Demonspawn Wanderer)         Turns: 20600, Time: 02:13:15

Health: -26/115    AC: 11    Str:  8    XL:     14   Next: 93%
Magic:  40/40      EV:  2    Int: 17    God:    Jiyva [******]
Gold:   1376       SH:  0    Dex: 24    Spells: 1/29 levels left

rFire   + . .      SeeInvis .   b - +9 mace {vorpal, rPois rN+ MP+9}
rCold   + + +      Faith    .   (no shield)
rNeg    + + .      Spirit   .   R - +0 troll leather armour
rPois   +          Reflect  .   t - +0 helmet
rElec   .          Harm     .   K - +2 ratskin cloak {*Rats rPois rN+ Str-1 Int-1 Dex+1}
rCorr   +          Rampage  .   (gloves unavailable)
Will    +....      Clarity  +   k - +0 pair of boots
Stlth   ++++......              (no amulet)
HPRegen 2.69/turn               u - +4 ring of protection
MPRegen 0.77/turn               h - +6 ring of dexterity

@: paralysed, death channelling, spiked, animating dead (expiring)
A: claws 3, large bone plates 2, foul stench 1, condensation shield, clarity,
cold resistance 3, fire resistance 1, high MP 2, sense surroundings 1, acidic
bite, pseudopods 1, evolution 1, tendrils, jelly sensing items, MP-powered wands
}: 1/15 runes: slimy
a: Renounce Religion, Oozemancy, Slimify


You were on level 2 of the Orcish Mines.
You worshipped Jiyva.
Jiyva was exalted by your worship.
You visited 4 branches of the dungeon, and saw 25 of its levels.
You also visited: Sewer.

You collected 2579 gold pieces.
You spent 1203 gold pieces at shops.

Inventory:

Hand Weapons
 b - the +9 mace "Ricraoke" (weapon) {vorpal, rPois rN+ MP+9}
   (You took it off an orc on level 5 of the Dungeon)

   It inflicts extra damage upon your enemies.
   rPois:     It protects you from poison.
   rN:        It protects you from negative energy.
   MP:        It affects your magic capacity (+9).
 f - the +8 mace "Maojagg" {flame, rN++ Int+7 Dex-2}
   (You found it on level 5 of the Pits of Slime)

   It burns those it strikes, dealing additional fire damage.
   Int:       It affects your intelligence (+7).
   Dex:       It affects your dexterity (-2).
   rN:        It greatly protects you from negative energy.
 p - a +2 vorpal spear
 F - the +4 quick blade of Xap Asorr {elec, Will+ Int+4}
   (You found it on level 5 of the Pits of Slime)

   It occasionally discharges a powerful burst of electricity upon striking a
   foe.
   Int:       It affects your intelligence (+4).
   Will:      It increases your willpower.
 L - a +0 shortbow
Missiles
 o - 2 atropa-tipped darts
Armour
 i - +0 ice dragon scales
 k - a +0 pair of boots (worn)
 t - a +0 helmet (worn)
 K - the +2 ratskin cloak (worn) {*Rats rPois rN+ Str-1 Int-1 Dex+1}
   (You bought it in a shop on level 4 of the Dungeon)

   When the wearer is hurt, rats may emerge from it to assist them.
   Str:       It affects your strength (-1).
   Int:       It affects your intelligence (-1).
   Dex:       It affects your dexterity (+1).
   rPois:     It protects you from poison.
   rN:        It protects you from negative energy.
 R - a +0 troll leather armour (worn)
Magical Staves
 a - a staff of death
 D - a staff of cold
Jewellery
 h - a +6 ring of dexterity (right claw)
 n - a ring of ice
 u - a +4 ring of protection (left claw)
 w - a ring of resist corrosion
 M - a ring of positive energy
 N - a ring of see invisible
 U - the ring of Basegg {rF+ rC+ Int+4 Slay-5 SInv}
   (You found it on level 10 of the Dungeon)

   [ring of protection from fire]

   Int:       It affects your intelligence (+4).
   Slay:      It affects your accuracy & damage with ranged weapons and melee
   (-5).
   rF:        It protects you from fire.
   rC:        It protects you from cold.
   SInv:      It lets you see invisible.
 Y - an amulet of guardian spirit
Wands
 B - a wand of paralysis (6)
 O - a wand of flame (13)
 Z - a wand of quicksilver (3)
Scrolls
 c - 5 scrolls of blinking
 d - a scroll of immolation {unknown}
 e - a scroll of brand weapon {unknown}
 g - 2 scrolls of magic mapping
 l - 2 scrolls of fear
 m - 2 scrolls of silence
 y - 2 scrolls of vulnerability
 I - 2 scrolls of enchant armour
 J - a scroll of butterflies {unknown}
 P - 2 scrolls of poison {unknown}
 S - a scroll of teleportation
 V - a scroll of enchant weapon {unknown}
Potions
 j - a potion of haste
 q - 2 potions of berserk rage
 v - 3 potions of resistance
 x - 11 potions of curing
 z - 5 potions of brilliance
 A - a potion of might
 C - a potion of heal wounds
 E - 4 potions of flight
 G - 3 potions of mutation
 Q - a potion of cancellation
 W - a potion of attraction {unknown}


   Skills:
 - Level 12.0 Fighting
 - Level 1.7 Armour
 - Level 8.0 Dodging
 - Level 8.0 Stealth
 + Level 11.1 Unarmed Combat
 - Level 8.0 Spellcasting
 - Level 8.0 Hexes
 - Level 15.0 Necromancy
 - Level 1.7 Translocations


You had one spell level left.
You knew the following spells:

 Your Spells              Type           Power      Damage    Failure   Level
a - Apportation           Tloc           24%        N/A       7%          1
b - Slow                  Hex            100%       N/A       1%          1
c - Necrotise             Necr           100%       1d9       1%          1
d - Vampiric Draining     Necr           55%        2d9       1%          3
e - Dispel Undead         Necr           55%        3d20      1%          4
f - Agony                 Necr           55%        N/A       1%          5
g - Confusing Touch       Hex            34%        N/A       1%          3
h - Death Channel         Necr           27%        N/A       4%          6
i - Animate Dead          Necr           55%        N/A       1%          4

Your spell library contained the following spells:

 Spells                   Type           Power      Damage    Failure   Level
 Summon Small Mammal      Summ           24%        N/A       14%         1
 Ensorcelled Hibernation  Hex/Ice        40%        N/A       4%          2
 Dazzling Flash           Conj/Hex       40%        N/A       9%          3
 Corpse Rot               Necr/Pois/Air  23%        N/A       19%         4
 Borgnjor's Vile Clutch   Necr/Erth      16%        N/A       19%         5
 Passwall                 Tmut/Erth      5%         N/A       22%         2
 Poisonous Vapours        Pois/Air       12%        N/A       22%         2
 Gell's Gravitas          Tloc           12%        N/A       22%         3
 Leda's Liquefaction      Hex/Erth       10%        N/A       28%         4
 Frozen Ramparts          Ice            12%        1d2       41%         3
 Swiftness                Air            6%         N/A       41%         3
 Silence                  Hex/Air        10%        N/A       61%         5
 Summon Mana Viper        Hex/Summ       20%        N/A       61%         5
 Simulacrum               Ice/Necr       16%        N/A       71%         6
 Airstrike                Air            3%         2d(1-17)  82%         4
 Hailstorm                Conj/Ice       6%         3d4       82%         4
 Ice Form                 Ice/Tmut       6%         N/A       82%         4
 Summon Ice Beast         Ice/Summ       6%         N/A       82%         4
 Lee's Rapid Deconstruct  Erth           3%         3d6*      99%         5
 Statue Form              Tmut/Erth      4%         N/A       100%        6
 Monstrous Menagerie      Summ           3%         N/A       100%        7


Dungeon Overview and Level Annotations

Branches:
Dungeon (13/15)            Temple (0/1) D:7            Lair (5/5) D:8
 Shoals (0/4) Lair:2       Spider (0/4) Lair:3        Slime (5/5) Lair:4
    Orc (2/2) D:9             Elf (0/3) Orc:2         Sewer (visited)
 Vaults: D:13-14

Altars:
Dithmenos
Fedhas
Hepliaklqana
Kikubaaqudgha
Okawaru
Ru
Jiyva

Shops:
D:4 *![[   D:7 [:(*:   D:8 =

Annotations:
D:3 exclusion: 2 doors
D:8 3 runed translucent doors
D:10 exclusion: orange crystal statue, Nergalle
D:12 Erolcha, Kirke
Slime:3 Dissolution
Slime:5 Royal Jelly
Orc:2 Saint Roka, Urug


Innate Abilities, Weirdness & Mutations

You have claws for hands.
You are mostly covered in large bone plates. (SH +6)
You may rarely emit foul miasma when damaged in melee.
A meltable shield of frost defends you. (SH +4)
You possess an exceptional clarity of mind.
Your flesh is almost immune to the effects of cold. (rC+++)
Your flesh is heat resistant. (rF+)
You have a considerably increased reservoir of magic. (+20% MP)
You passively map a small area around you.
You have acidic saliva.
Armour fits poorly on your pseudopods.
You have hidden genetic potential.
You are covered in slimy tendrils that may disarm your opponents.
You have a small jelly attached to you that senses nearby items.
You expend magic power (3 MP) to strengthen your wands.


Message History

Items here: )) [[.
Unknown command.
You swap places.
Your reaping aura is weakening.
Urug throws a silver javelin.
The silver javelin pierces through your spectral orc warrior!
Your spectral orc warrior is destroyed!
The silver javelin pierces through you! The silver sears you!
The silver javelin pierces through your orc priest zombie!!
Your orc priest zombie is destroyed!
Saint Roka roars a battlecry!
The orcs go into a battle-frenzy!
The orc sorcerer gestures wildly while chanting.
The jelly barely misses Saint Roka.
You swap places.
You block Urug's attack. The orc sorcerer casts a spell at you.
You suddenly lose the ability to move!
The orc sorcerer gestures wildly while chanting.
Urug hits you with a +2 eveningstar of protection!!
The red devil hits you from afar with a +0 demon trident!!
Barbed spikes become lodged in your body.
The orc sorcerer hits you with a +0 dagger.
Urug hits you with a +2 eveningstar of protection!!
* * * LOW HITPOINT WARNING * * *
A hell rat scurries out from under your cloak.
Saint Roka hits the jelly with a +1 vorpal great mace!
Saint Roka is burned by acid!
You hear a distant slurping noise.
Your orc wizard zombie hits the red devil but does no damage.
The red devil hits you from afar with a +0 demon trident.
* * * LOW HITPOINT WARNING * * *
Barbed spikes become lodged in your body.
Your spectral orc priest barely misses the red devil.
You hear a distant slurping noise.
You hear a squelching noise.
Saint Roka invokes the aid of Beogh against you.
Beogh smites you!
* * * LOW HITPOINT WARNING * * *
A river rat scurries out from under your cloak.
Urug hits you with a +2 eveningstar of protection!!
You die...

* .oo..# ,,
##.#.#.#....#.... * .ooo.# ,
###.........#....#. ,
....... #......#.#........#
*
.......#####....#.........J.
, .....8...........#......
...........#....###.#JJ.
......o4Z.#....##.####.. ,
.J...3oJZr.#.###...# #..
.....8o@Z...## #..###..
...#####Zr.## #....... .
#ZJZ### ##...... * , ##.rr#
#.....## , ##.## #....... *
#..#* ##<..... * * ∩#...#
#.##.## , #..## #...####
...# ##.##


You could see Saint Roka, Urug (strong, ally target), a sun demon (summoned), an
orc sorcerer (strong), a red devil (summoned), 2 neutral jellies (fellow slime),
a friendly spectral orc priest, 2 friendly spectral orc wizards, 2 friendly hell
rats, 2 friendly river rats, a friendly orc warrior zombie and a friendly orc
wizard zombie.

Vanquished Creatures
  Josephine (D:10)
  An ice dragon (Lair:5)
  Erica (D:8)
  4 hydras
  3 centaur warriors (D:13)
  10 death yaks
  2 orc high priests
  A lindwurm (Lair:5)
  An orc knight (Orc:2)
  4 oklob plants
  An orc sorcerer (Orc:2)
  7 elephants
  A cyclops (Orc:2)
  2 merfolk sirens (Lair:2)
  6 black mambas
  8 cane toads
  2 torpor snails (Lair:5)
  A rime drake (Lair:4)
  2 komodo dragons (Lair:1)
  2 unseen horrors
  An efreet (D:13)
  7 trolls
  12 polar bears
  2 merfolk (Lair:2)
  3 tyrant leeches (Lair:5)
  7 dream sheep
  5 hornets (Lair:5)
  Prince Ribbit (D:7)
  18 blink frogs
  6 wraiths (D:10)
  16 yaks
  A steam dragon (D:9)
  A hog (D:11)
  4 wyverns
  3 vampire mosquitoes (D:13)
  3 wargs (Lair:5)
  2 acid dragons
  10 water moccasins
  5 hell hounds (Lair:5)
  An ice beast (D:7)
  8 black bears
  Pargi (Sewer)
  22 orc warriors
  2 ogres
  13 wolves
  4 centaurs
  5 bullfrogs
  3 necrophages
  2 scorpions (D:5)
  12 wights
  10 killer bees
  4 electric eels (D:8)
  4 howler monkeys
  5 hounds
  16 orc priests
  19 orc wizards
  An iguana (D:4)
  10 hell rats
  3 gnolls (D:5)
  7 adders
  A river rat (D:5)
  A shadow imp (D:5)
  4 worms
  2 dart slugs (D:4)
  59 orcs
  2 ball pythons
  6 giant cockroaches
  3 goblins
  2 hobgoblins (D:1)
  6 jackals
  8 kobolds
  3 quokkas
  2 frilled lizards
  4 rats
422 creatures vanquished.

Vanquished Creatures (collateral kills)
  An ettin (Orc:2)
  A hydra (Lair:5)
  A catoblepas (Lair:5)
  6 death yaks
  An orb spider (Lair:3)
  An orc knight (Orc:2)
  7 elephants
  A black mamba (Lair:5)
  6 torpor snails
  A cane toad (Lair:5)
  A komodo dragon (Lair:4)
  2 rime drakes
  3 polar bears (Lair:5)
  A tyrant leech (Lair:5)
  A hornet (Lair:5)
  2 raiju (Lair:5)
  5 dream sheep (Lair:5)
  9 blink frogs
  4 yaks
  A hog (D:11)
  A steam dragon (D:7)
  3 wargs (Lair:5)
  8 hell hounds (Lair:5)
  2 water moccasins
  6 orc warriors
  5 black bears (Lair:5)
  7 wolves
  2 ogres (Orc:2)
  4 orc priests
  2 orc wizards (Orc:2)
  5 hell rats
  18 orcs
  An orc zombie (Orc:2)
  A butterfly (Lair:5)
120 creatures vanquished.

Vanquished Creatures (others)
  An acid blob (Lair:1)
  The ghost of TheOneDM the Fighter, a novice GnWn of Wu Jian (D:8)
  5 slime creatures
  3 yaks (Lair:3)
  A water moccasin (Lair:3)
  A black bear (D:7)
  An ogre (Orc:2)
  A bullfrog (Lair:1)
  2 hell hound zombies (Lair:5)
  92 jellies
  2 howler monkeys (D:10)
  An electric eel (D:8)
  A hound (D:8)
  An orc priest (D:9)
  3 orc wizards (Orc:2)
  An ogre zombie (Orc:2)
  3 adders
  An ufetubus (D:7)
  A dart slug (D:2)
  3 endoplasms
  7 orcs
  2 ball pythons
  8 giant cockroaches (D:2)
  4 goblins
  A hobgoblin (D:2)
  2 jackals
  2 kobolds (D:2)
  A quokka (D:2)
  A bat (D:3)
  A frilled lizard (D:2)
  18 orc zombies (Orc:2)
  3 rats
  84 fungi
  148 plants
407 creatures vanquished.

Grand Total: 949 creatures vanquished

Notes
Turn   | Place    | Note
-------+----------+-------------------------------------------
     0 | D:1      | odiv the Demonspawn Wanderer began the quest for the Orb.
     0 | D:1      | odiv set off with the following items: a +0 dagger, a
                  | potion of lignification, a scroll of blinking, a +2 leather
                  | armour; and the following spell memorised: Apportation; and
                  | the following spells available to memorise: Gell's
                  | Gravitas.
     0 | D:1      | Reached XP level 1. HP: 15/15 MP: 3/3
   503 | D:1      | Learned a level 1 spell: Slow
   894 | D:1      | Found a faded altar of an unknown god.
   898 | D:1      | Prayed at the altar of an unknown god.
   898 | D:1      | Became a worshipper of Jiyva Japoecw the Shapeless
   898 | D:1      | Reached * piety under Jiyva
  1108 | D:2      | Reached skill level 1 in Hexes
  1108 | D:2      | Gained mutation: You have sharp fingernails. [demonic
                  | ancestry]
  1108 | D:2      | Reached XP level 2. HP: 21/21 MP: 5/5
  1360 | D:2      | Reached ** piety under Jiyva
  1559 | D:2      | Reached XP level 3. HP: 24/26 MP: 6/6
  2148 | D:3      | Gained mutation: You have very sharp fingernails. [demonic
                  | ancestry]
  2148 | D:3      | Reached XP level 4. HP: 30/32 MP: 7/7
  2256 | D:3      | Noticed an ogre
  2463 | D:3      | Reached *** piety under Jiyva
  2528 | D:3      | Gained mutation: You are robust. (+10% HP) [Jiyva's grace]
  2528 | D:3      | Gained mutation: You are very robust. (+20% HP) [Jiyva's
                  | grace]
  2528 | D:3      | Gained mutation: You are extremely robust. (+30% HP)
                  | [Jiyva's grace]
  2528 | D:3      | Gained mutation: Your melee attacks may engulf your foes in
                  | ooze. [Jiyva's grace]
  2700 | D:4      | Found Wokk's Armour Shop.
  2730 | D:4      | Learned a level 1 spell: Necrotise
  2794 | D:4      | Found a sacrificial altar of Ru.
  2881 | D:4      | Found Riwken's Assorted Antiques.
  2895 | D:4      | Bought a scroll labelled YZXUBRESHRI for 19 gold pieces
  3006 | D:4      | Found Veosot's Distillery.
  3014 | D:4      | Bought a potion of might for 52 gold pieces
  3014 | D:4      | Bought a potion of curing for 39 gold pieces
  3014 | D:4      | Bought a potion of degeneration for 13 gold pieces
  3126 | D:4      | Found Limmyaw's Armour Shop.
  3332 | D:4      | Reached **** piety under Jiyva
  3408 | D:4      | Reached skill level 1 in Unarmed Combat
  3408 | D:4      | Reached skill level 1 in Necromancy
  3730 | D:4      | Gained mutation: You may rarely emit foul miasma when
                  | damaged in melee. [demonic ancestry]
  3730 | D:4      | Reached XP level 5. HP: 48/48 MP: 8/8
  3775 | D:5      | Entered Level 5 of the Dungeon
  3881 | D:5      | Reached skill level 2 in Necromancy
  3904 | D:5      | Noticed a water moccasin
  3905 | D:5      | Reached XP level 6. HP: 55/55 MP: 9/9
  3929 | D:5      | Killed a water moccasin
  3930 | D:5      | Reached skill level 3 in Necromancy
  3968 | D:5      | Identified the +9 mace "Ricraoke" {vorpal, rPois rN+ MP+9}
  4065 | D:5      | Reached skill level 5 in Hexes
  4065 | D:5      | Gained mutation: A meltable shield of frost defends you.
                  | (SH +4) [demonic ancestry]
  4065 | D:5      | Reached XP level 7. HP: 60/62 MP: 10/10
  4157 | D:5      | Found a blossoming altar of Fedhas.
  4184 | D:5      | Reached skill level 4 in Necromancy
  4233 | D:5      | Found a glowing drain.
  4438 | Sewer    | Entered a sewer
  4479 | Sewer    | Noticed Pargi
  4489 | Sewer    | Killed Pargi
  4673 | D:4      | Bought a potion of flight for 39 gold pieces
  4673 | D:4      | Bought a potion of brilliance for 52 gold pieces
  4837 | D:6      | Reached skill level 5 in Necromancy
  4922 | D:6      | Learned a level 3 spell: Vampiric Draining
  4961 | D:6      | Reached ***** piety under Jiyva
  4970 | D:6      | Lost mutation: You are extremely robust. (+30% HP) [Jiyva's
                  | grace]
  4970 | D:6      | Lost mutation: You are very robust. (+20% HP) [Jiyva's
                  | grace]
  4970 | D:6      | Gained mutation: You expend magic power (3 MP) to
                  | strengthen your wands. [Jiyva's grace]
  4970 | D:6      | Gained mutation: You passively map a small area around you.
                  | [Jiyva's grace]
  4970 | D:6      | Gained mutation: You passively map the area around you.
                  | [Jiyva's grace]
  4970 | D:6      | Gained mutation: You passively map a large area around you.
                  | [Jiyva's grace]
  5422 | D:7      | Found Zeiloe's Antique Armour Shoppe.
  5432 | D:7      | Gained mutation: You are partially covered in large bone
                  | plates. (SH +4) [demonic ancestry]
  5432 | D:7      | Reached XP level 8. HP: 59/59 MP: 11/11
  5462 | D:7      | Found Doigh's Weapon Shoppe.
  5483 | D:7      | Found Jizil's Book Shop.
  5530 | D:7      | Reached skill level 5 in Unarmed Combat
  5530 | D:7      | Reached skill level 6 in Necromancy
  5637 | D:7      | Found a staircase to the Ecumenical Temple.
  5706 | D:7      | Found Heennoj's Book Shop.
  5835 | D:7      | Found Juyfolig's General Store.
  5841 | D:7      | Bought a scroll of noise for 16 gold pieces
  5894 | D:8      | Killed a slime creature
  5899 | D:8      | Killed TheOneDM's ghost
  6079 | D:8      | Noticed Prince Ribbit
  6080 | D:8      | Found Oveum's Jewellery Emporium.
  6140 | D:7      | Killed Prince Ribbit
  6160 | D:8      | Reached XP level 9. HP: 62/64 MP: 15/15
  6184 | D:8      | Noticed Erica
  6189 | D:8      | Found a runed translucent gate.
  6258 | D:8      | Reached skill level 7 in Necromancy
  6262 | D:8      | Noticed a troll
  6377 | D:9      | Noticed a troll
  6411 | D:8      | Learned a level 4 spell: Dispel Undead
  6463 | D:8      | Found a runed translucent gate.
  6463 | D:8      | Found a runed translucent gate.
  6575 | D:9      | Lost mutation: You passively map a large area around you.
                  | [Jiyva's grace]
  6575 | D:9      | Lost mutation: Your melee attacks may engulf your foes in
                  | ooze. [Jiyva's grace]
  6575 | D:9      | Gained mutation: You are covered in slimy tendrils that may
                  | disarm your opponents. [Jiyva's grace]
  6575 | D:9      | Gained mutation: Your muscles are strong. (Str +4, Int/Dex
                  | -1) [Jiyva's grace]
  6575 | D:9      | Gained mutation: Your muscles are very strong. (Str +8,
                  | Int/Dex -2) [Jiyva's grace]
  6575 | D:9      | Gained mutation: You passively map a large area around you.
                  | [Jiyva's grace]
  6592 | D:10     | Entered Level 10 of the Dungeon
  6662 | D:9      | Reached skill level 5 in Spellcasting
  6676 | D:9      | Reached skill level 5 in Dodging
  6709 | D:9      | Identified the +4 ring mail of Buarexza {rElec rPois Int-5}
  6725 | D:9      | Killed a troll
  6726 | D:9      | Reached skill level 8 in Necromancy
  6993 | D:9      | Reached ****** piety under Jiyva
  7059 | D:9      | Reached XP level 10. HP: 67/80 MP: 17/17
  7091 | D:9      | Found a staircase to the Orcish Mines.
  7321 | D:10     | Found a hazy altar of Hepliaklqana.
  7331 | D:10     | Found a shadowy altar of Dithmenos.
  7331 | D:10     | Found an ancient bone altar of Kikubaaqudgha.
  7344 | D:10     | Reached skill level 5 in Fighting
  7349 | D:10     | Reached skill level 9 in Necromancy
  7377 | D:10     | Found an iron altar of Okawaru.
  7404 | D:10     | Noticed Josephine
  7420 | D:10     | Killed Josephine
  7615 | D:10     | Noticed an orange crystal statue
  7668 | D:10     | Identified the ring of Basegg {rF+ rC+ Int+4 Slay-5 SInv}
  7734 | D:10     | Noticed Nergalle
  7887 | D:11     | Noticed a cyclops
  7895 | D:11     | Slimified a cyclops
  7895 | D:11     | a cyclops changed into a slime creature
  8049 | D:11     | Reached skill level 10 in Necromancy
  8706 | D:8      | Killed Erica
  8707 | D:8      | Gained mutation: You are mostly covered in large bone
                  | plates. (SH +6) [demonic ancestry]
  8707 | D:8      | Reached XP level 11. HP: 83/92 MP: 18/18
  8831 | D:8      | Found a staircase to the Lair.
  8877 | D:8      | Found a viscous altar of Jiyva.
  9043 | Lair:1   | Entered Level 1 of the Lair of Beasts
  9050 | Lair:1   | Learned a level 5 spell: Agony
  9296 | Lair:1   | Noticed a death yak
  9296 | Lair:1   | Noticed a death yak
  9296 | Lair:1   | Noticed a death yak
  9296 | Lair:1   | Noticed a death yak
  9463 | Orc:1    | Entered Level 1 of the Orcish Mines
  9509 | Orc:1    | Lost mutation: Your muscles are very strong. (Str +8,
                  | Int/Dex -2) [Jiyva's grace]
  9509 | Orc:1    | Gained mutation: Your flesh is heat resistant. (rF+)
                  | [Jiyva's grace]
  9509 | Orc:1    | Gained mutation: Your flesh is very heat resistant. (rF++)
                  | [Jiyva's grace]
  9509 | Orc:1    | Gained mutation: Your flesh is almost immune to the effects
                  | of heat. (rF+++) [Jiyva's grace]
  9509 | Orc:1    | Gained mutation: Your mind is acute. (Int +4, Str/Dex -1)
                  | [Jiyva's grace]
  9733 | Orc:1    | Noticed an orc high priest
 10139 | D:12     | Noticed Erolcha
 10323 | D:12     | Noticed Kirke
 10365 | D:11     | Reached skill level 11 in Necromancy
 10489 | D:11     | Reached skill level 1 in Stealth
 10502 | D:12     | Noticed a two-headed ogre
 10730 | D:13     | Noticed a centaur warrior
 10743 | D:13     | Killed a centaur warrior
 10988 | D:12     | Noticed a five-headed hydra
 11355 | Lair:1   | Lost mutation: Your flesh is almost immune to the effects
                  | of heat. (rF+++) [Jiyva's grace]
 11355 | Lair:1   | Lost mutation: You passively map a large area around you.
                  | [Jiyva's grace]
 11355 | Lair:1   | Gained mutation: Armour fits poorly on your pseudopods.
                  | [Jiyva's grace]
 11355 | Lair:1   | Gained mutation: Armour fits poorly on your large
                  | pseudopods. [Jiyva's grace]
 11355 | Lair:1   | Gained mutation: Armour fits poorly on your massive
                  | pseudopods. [Jiyva's grace]
 11355 | Lair:1   | Gained mutation: You have a small jelly attached to you
                  | that senses nearby items. [Jiyva's grace]
 11499 | Lair:1   | Noticed a death yak
 11502 | Lair:1   | Noticed a death yak
 11513 | Lair:1   | Killed a death yak
 11558 | Lair:1   | Killed a death yak
 11560 | Lair:1   | Slimified a death yak
 11560 | Lair:1   | Noticed an acid blob
 11560 | Lair:1   | a death yak changed into an acid blob
 11561 | Lair:1   | Killed an acid blob
 11582 | Lair:1   | Slimified a death yak
 11582 | Lair:1   | a death yak changed into a slime creature
 11592 | Lair:1   | Killed a death yak
 11750 | Lair:1   | Reached XP level 12. HP: 81/103 MP: 4/22
 11899 | Lair:2   | Learned a level 3 spell: Confusing Touch
 11906 | Lair:2   | Learned a level 6 spell: Death Channel
 11936 | Lair:2   | Found a staircase to the Shoals.
 11960 | Lair:2   | Reached skill level 12 in Necromancy
 12898 | Lair:3   | Noticed a four-headed hydra
 12940 | Lair:3   | Reached skill level 10 in Fighting
 12952 | Lair:3   | Killed a four-headed hydra
 13093 | Lair:3   | Noticed a death yak
 13093 | Lair:3   | Noticed a death yak
 13116 | Lair:3   | Killed a death yak
 13117 | Lair:3   | Reached skill level 13 in Necromancy
 13127 | Lair:3   | Noticed a death yak
 13130 | Lair:3   | Noticed a death yak
 13133 | Lair:3   | Noticed a death yak
 13144 | Lair:3   | Noticed a death yak
 13145 | Lair:3   | Killed a death yak
 13153 | Lair:3   | Killed a death yak
 13158 | Lair:3   | Killed a death yak
 13160 | Lair:3   | Killed a death yak
 13161 | Lair:3   | Reached XP level 13. HP: 87/114 MP: 23/23
 13645 | Lair:3   | Found a hole to the Spider Nest.
 14024 | Lair:4   | Lost mutation: Your flesh is very heat resistant. (rF++)
                  | [Jiyva's grace]
 14024 | Lair:4   | Lost mutation: You are robust. (+10% HP) [Jiyva's grace]
 14024 | Lair:4   | Lost mutation: Your muscles are strong. (Str +4, Int/Dex
                  | -1) [Jiyva's grace]
 14024 | Lair:4   | Lost mutation: Armour fits poorly on your massive
                  | pseudopods. [Jiyva's grace]
 14024 | Lair:4   | Lost mutation: Armour fits poorly on your large pseudopods.
                  | [Jiyva's grace]
 14024 | Lair:4   | Gained mutation: You have hidden genetic potential.
                  | [Jiyva's grace]
 14024 | Lair:4   | Gained mutation: You have great hidden genetic potential.
                  | [Jiyva's grace]
 14024 | Lair:4   | Gained mutation: You have an increased reservoir of magic.
                  | (+10% MP) [Jiyva's grace]
 14024 | Lair:4   | Gained mutation: You have a considerably increased
                  | reservoir of magic. (+20% MP) [Jiyva's grace]
 14507 | Lair:4   | Reached skill level 14 in Necromancy
 15268 | Lair:4   | Found a viscous altar of Jiyva.
 15268 | Lair:4   | Found a staircase to the Slime Pits.
 15540 | Lair:5   | Entered Level 5 of the Lair of Beasts
 15678 | Lair:5   | Reached skill level 5 in Stealth
 15882 | Lair:5   | Reached skill level 15 in Necromancy
 16030 | Lair:5   | Gained mutation: You have claws for hands. [demonic
                  | ancestry]
 16030 | Lair:5   | Reached XP level 14. HP: 111/115 MP: 7/31
 16162 | Lair:5   | Found a runed translucent door.
 16234 | Lair:5   | Gained mutation: Your flesh is cold resistant. (rC+)
                  | [hidden potential]
 16457 | Lair:5   | Paralysed by a hornet for 1 turns
 17101 | Lair:5   | Learned a level 4 spell: Animate Dead
 17168 | Lair:5   | Lost mutation: Your mind is acute. (Int +4, Str/Dex -1)
                  | [Jiyva's grace]
 17168 | Lair:5   | Lost mutation: You passively map the area around you.
                  | [Jiyva's grace]
 17168 | Lair:5   | Lost mutation: You have great hidden genetic potential.
                  | [Jiyva's grace]
 17168 | Lair:5   | Gained mutation: Your flesh is very cold resistant. (rC++)
                  | [Jiyva's grace]
 17168 | Lair:5   | Gained mutation: Your flesh is almost immune to the effects
                  | of cold. (rC+++) [Jiyva's grace]
 17168 | Lair:5   | Gained mutation: You possess an exceptional clarity of
                  | mind. [Jiyva's grace]
 17168 | Lair:5   | Gained mutation: You have acidic saliva. [Jiyva's grace]
 17912 | D:13     | Identified a scroll of acquirement
 17913 | D:13     | Acquired 965 gold pieces
 18534 | Lair:4   | Reached skill level 10 in Unarmed Combat
 18647 | Slime:1  | Entered Level 1 of the Pits of Slime
 18654 | Slime:1  | Noticed an acid blob
 18657 | Slime:1  | Noticed an azure jelly
 18666 | Slime:3  | Noticed Dissolution
 18666 | Slime:3  | Noticed an acid blob
 18666 | Slime:3  | Noticed a quicksilver ooze
 18680 | Slime:3  | Noticed an acid blob
 18696 | Slime:4  | Noticed an acid blob
 18704 | Slime:4  | Noticed an acid blob
 18721 | Slime:4  | Noticed a rockslime
 18746 | Slime:4  | Noticed a quicksilver ooze
 18817 | Slime:4  | Noticed an acid blob
 18839 | Slime:5  | Entered Level 5 of the Pits of Slime
 18839 | Slime:5  | Noticed a quicksilver ooze
 18852 | Slime:5  | Noticed an azure jelly
 18854 | Slime:5  | Found a viscous altar of Jiyva.
 18854 | Slime:5  | Noticed an acid blob
 18855 | Slime:5  | Noticed an acid blob
 18855 | Slime:5  | Noticed a rockslime
 18857 | Slime:5  | Noticed an acid blob
 18857 | Slime:5  | Noticed the Royal Jelly
 18857 | Slime:5  | Noticed an acid blob
 18857 | Slime:5  | Noticed an acid blob
 18858 | Slime:5  | Identified the +8 mace "Maojagg" {flame, rN++ Int+7 Dex-2}
 18860 | Slime:5  | Identified the +3 battleaxe of Melee {drain, rN+ Dex-2
                  | Stlth+}
 18862 | Slime:5  | Noticed a rockslime
 18862 | Slime:5  | Got the Folio of Warped Clouds
 18862 | Slime:5  | Noticed an azure jelly
 18864 | Slime:5  | Got a slimy rune of Zot
 18869 | Slime:5  | Noticed an azure jelly
 18869 | Slime:5  | Noticed an acid blob
 18874 | Slime:5  | Identified the +1 robe of Wrong Decisions {Regen+ Str+4
                  | Slay-2}
 18877 | Slime:5  | Identified the +4 quick blade of Xap Asorr {elec, Will+
                  | Int+4}
 18882 | Slime:5  | Noticed a quicksilver ooze
 18891 | Slime:5  | Identified the +8 quarterstaff of Midwinter {antimagic,
                  | rPois}
 18933 | Slime:5  | Noticed an acid blob
 18948 | Slime:5  | Noticed an acid blob
 18972 | Slime:5  | Noticed a quicksilver ooze
 19174 | Slime:5  | Noticed an azure jelly
 19284 | Slime:4  | Noticed an azure jelly
 19444 | Slime:3  | Noticed an acid blob
 19468 | Slime:3  | Noticed a quicksilver ooze
 19763 | D:4      | Bought an encrusted glass wand for 76 gold pieces
 19763 | D:4      | Bought the +2 ratskin cloak {*Rats rPois rN+ Str-1 Int-1
                  | Dex+1} for 528 gold pieces
 19763 | D:4      | Found the +2 ratskin cloak {*Rats rPois rN+ Str-1 Int-1
                  | Dex+1}
 19833 | D:4      | Bought a potion of resistance for 130 gold pieces
 19833 | D:4      | Bought a potion of curing for 39 gold pieces
 19886 | D:7      | Bought a scroll of identify for 32 gold pieces
 19907 | D:7      | Bought a smoking leather armour for 168 gold pieces
 19907 | D:7      | Identified the +2 leather armour of Laseatu {Regen+ Str-2
                  | SInv} (You bought it in a shop on level 7 of the Dungeon)
 20219 | Orc:2    | Entered Level 2 of the Orcish Mines
 20403 | Orc:2    | Found a staircase to the Elven Halls.
 20459 | Orc:2    | Noticed Saint Roka
 20591 | Orc:2    | Noticed Urug
 20597 | Orc:2    | Paralysed by an orc sorcerer for 5 turns
 20600 | Orc:2    | Annihilated by Urug

Illustrated notes

Levels and vault maps discovered:
D:1:      dpeg_arrival_houses_and_road, layout_basic,
          chequers_ecumenical_altar_grove, st_stairs_12,
          hangedman_decor_clover_reticule
D:2:      minmay_roachtagon, layout_rooms, basic_altar
D:3:      layout_basic
D:4:      layout_basic, kennysheep_mini_moat, serial_shops, shop_fountains,
          nicolae_diamond_shop, shop, nicolae_shop_waterfront
D:5:      layout_rooms, mainiacjoe_overflow_alcove_4, portal_sewer_entry_b,
          mrwooster_statue_mirror, kennysheep_pointless_box
D:6:      layout_basic
D:7:      layout_rooms, temple_hall, serial_shops, shop, nicolae_stop_n_shop_2,
          shop, kennysheep_little_box, nicolae_shop_waterfront
D:8:      layout_rooms, mainiacjoe_overflow_small_starburst, erik_lair_island,
          gammafunk_ghost_ooze, minmay_shop_enchanted_jewellery,
          uniq_prince_ribbit1, uniq_erica
D:9:      layout_gridville, erik_orc_2, minivault_11, st_stairs_3,
          minmay_misc_feat_cross
D:10:     layout_loops_ring, nicolae_overflow_quartered_altars,
          minmay_protected_statue, uniq_nergalle, uniq_josephine
D:11:     layout_loops_ring
D:12:     layout_grid_maze, uniq_erolcha, uniq_kirke
D:13:     layout_loops_corners, nicolae_shop_sticking_my_neck_out
Lair:1:   layout_regular_city, grunt_megastairs_2
Lair:2:   layout_chaotic_city, elwin_shoals_entry_stream,
          cheibrodos_lair_lostbears
Lair:3:   layout_cave_pods, nicolae_spider_entry_orb_guardian,
          chequers_serial_rivers_micro_c, evilmike_ambush
          [evilmike_ambush_outer_pillars, evilmike_ambush_inner_wall_2],
          grunt_megastairs_1, infiniplex_staircase_pool
Lair:4:   nzn_winding_woodlands_cross [nzn_winding_woodlands_5x15_pool,
          nzn_winding_woodlands_5x15_sawtooth,
          nzn_winding_woodlands_5x15_garden,
          nzn_winding_woodlands_5x15_pathside_ponds,
          nzn_winding_woodlands_15x15_killbox], layout_cave_pods,
          minmay_slime_entry_oklob_enclosed, infiniplex_staircase_pool_2
Lair:5:   hangedman_lair_caniforms_friends, layout_loops_ring, wormcave,
          lemuel_fruit_fields, serial_bayou_shore_a
Slime:1:  layout_caves
Slime:2:  layout_caves
Slime:3:  layout_caves, dissolution_awaits
Slime:4:  layout_caves, nicolae_slime_round_cave
Slime:5
Orc:1:    layout_caves, portal_ice_cave_rime, minmay_orc_temple_c
Orc:2:    grunt_orc_cross, layout_caves, serial_shops, nicolae_shop_waterfront

Skill      XL: |  1  2  3  4  5  6  7  8  9 10 11 12 13 14 |
---------------+-------------------------------------------+-----
Hexes          | 1 2 3 4 5 7 8 |  8.0
Unarmed Combat | 1 2 4 5 11 | 11.1
Necromancy     | 1 2 3 5 6 8 10 11 13 15 | 15.0
Spellcasting   | 4 5 6 7 8 |  8.0
Dodging        | 3 5 7 8 |  8.0
Fighting       | 4 7 8 10 12 | 12.0
Stealth        | 3 4 6 8 |  8.0
Armour         | |  1.7
Translocations | |  1.7

Action                   |  1- 3 |  4- 6 |  7- 9 | 10-12 | 13-15 || total
-------------------------+-------+-------+-------+-------+-------++-------
Melee: Dagger            |    20 |    10 |       |       |       ||    30
       Spear             |   213 |   189 |       |    22 |       ||   424
       Club              |    12 |       |       |       |       ||    12
       Punch             |     3 |     3 |     5 |    14 |    38 ||    63
       Mace              |       |    13 |   153 |   275 |   548 ||   989
       Unarmed           |       |     3 |       |       |    25 ||    28
       Staff             |       |       |       |    16 |    20 ||    36
       Pseudopods        |       |       |       |    25 |   153 ||   178
       Bite              |       |       |       |       |    24 ||    24
 Fire: Shortbow          |       |       |       |       |   141 ||   141
       Longbow           |       |       |       |       |     1 ||     1
Throw: Boomerang         |     1 |       |     8 |    13 |    18 ||    40
       Dart              |       |       |     6 |       |       ||     6
 Cast: Slow              |    19 |    41 |    52 |    64 |    19 ||   195
       Apportation       |       |     3 |     4 |    15 |     4 ||    26
       Necrotise         |       |       |    97 |   223 |    12 ||   332
       Dispel Undead     |       |       |     8 |    18 |     1 ||    27
       Agony             |       |       |       |   107 |   170 ||   277
       Vampiric Draining |       |       |       |    17 |    70 ||    87
       Death Channel     |       |       |       |     4 |    38 ||    42
       Confusing Touch   |       |       |       |     4 |       ||     4
       Animate Dead      |       |       |       |       |     9 ||     9
Invok: Slimify           |       |       |       |     3 |       ||     3
Evoke: Wand              |       |     2 |       |     4 |     4 ||    10
  Use: Potion            |     2 |       |       |     1 |     1 ||     4
       Scroll            |       |       |     3 |     7 |     5 ||    15
 Stab: Sleeping          |     1 |       |       |       |     4 ||     5
       Paralysed         |       |    10 |       |     1 |       ||    11
       Confused          |       |       |       |     3 |       ||     3
       Distracted        |       |       |       |       |     7 ||     7
Armor: Leather armour    |    78 |    89 |    94 |   109 |       ||   370
       Troll leather arm |       |       |       |    68 |   246 ||   314
Dodge: Dodged            |   155 |   112 |   156 |   377 |   795 ||  1595
Block: Other             |       |       |    96 |   327 |   553 ||   976
